 Dungeon Crawl Stone Soup version 0.30-a0-377-g5cb311bc9f (webtiles) character file.

Game seed: 751739817927179974

16073 bande the Cleaver (level 12, -8/75 HPs)
             Began as a Gargoyle Fighter on Nov 28, 2022.
             Was a High Priest of Okawaru.
             Mangled by a death yak (11 damage)
             ... on level 3 of the Lair of Beasts.
             The game lasted 00:20:01 (14296 turns).

bande the Cleaver (Gargoyle Fighter)               Turns: 14296, Time: 00:20:02

Health: -8/75      AC: 28    Str: 27    XL:     12   Next: 33%
Magic:  17/17      EV:  7    Int:  9    God:    Okawaru [*****.]
Gold:   1161       SH: 12    Dex: 13    Spells: 10/11 levels left

rFire   + + +      SeeInvis .    a - +1 war axe (flame)
rCold   . . .      Faith    .    D - +2 kite shield {rF+}
rNeg    + . .      Spirit   .    z - +0 chain mail
rPois   ∞          Reflect  .    C - +2 hat
rElec   +          Harm     .    u - +2 cloak
rCorr   .          Rampage  .    (no gloves)
Will    .....                    i - +2 pair of boots of Cowardice {rF+ Slay+3 Stlth-}
Stlth   ..........               (no amulet)
HPRegen 0.32/turn                g - +6 ring of strength
MPRegen 0.15/turn                y - ring of protection from fire

@: no status effects
A: sickness immunity, AC +8, negative energy resistance 1, electricity
resistance, torment resistance 1, petrification resistance
a: Renounce Religion, Heroism, Finesse, Duel


You were on level 3 of the Lair of Beasts.
You worshipped Okawaru.
Okawaru was extremely pleased with you.
You visited 3 branches of the dungeon, and saw 13 of its levels.
You also visited: Sewer.

You collected 1161 gold pieces.

Inventory:

Hand Weapons
 a - a +1 war axe of flaming (weapon)
 l - a +0 war axe
Armour
 i - the +2 pair of boots of Cowardice (worn) {rF+ Slay+3 Stlth-}
   (You acquired it on level 4 of the Dungeon)

   Slay:      It affects your accuracy & damage with ranged weapons and melee
   (+3).
   rF:        It protects you from fire.
   Stlth:     It makes you less stealthy.
 u - a +2 cloak (worn)
 z - a +0 chain mail (worn)
 C - a +2 hat (worn)
 D - a +2 kite shield of fire resistance (worn)
Jewellery
 g - a +6 ring of strength (left hand)
 q - a ring of fire
 t - a ring of flight
 y - a ring of protection from fire (right hand)
 H - a ring of see invisible
Wands
 n - a wand of mindburst (18)
 o - a wand of acid (13)
 x - a wand of iceblast (19)
 G - a wand of flame (9)
Scrolls
 b - 3 scrolls of amnesia
 c - a scroll of identify
 f - 3 scrolls of fear
 m - 4 scrolls of teleportation
 r - 2 scrolls of magic mapping
 v - 2 scrolls of enchant armour
 A - a scroll of enchant weapon
 E - a scroll of poison
Potions
 d - 4 potions of might
 e - 5 potions of haste
 h - a potion of cancellation
 j - 3 potions of flight
 k - 9 potions of curing
 p - 2 potions of invisibility
 s - a potion of heal wounds
 w - a potion of ambrosia
 B - a potion of mutation
 F - a potion of brilliance


   Skills:
 + Level 8.4 Fighting
 + Level 11.0 Axes
 + Level 8.6 Armour
 + Level 7.1 Shields
 * Level 4.6 Translocations
 * Level 7.7 Invocations
 * Level 6.1 Evocations


You had 10 spell levels left.
You knew the following spells:

 Your Spells              Type           Power      Damage    Failure   Level
a - Apportation           Tloc           16%        N/A       58%         1

Your spell library contained the following spells:

 Spells                   Type           Power      Damage    Failure   Level
 Blink                    Tloc           16%        N/A       75%         2
 Magic Dart               Conj           0%         1d3       99%         1
 Necrotise                Necr           0%         1d4       99%         1
 Mephitic Cloud           Conj/Pois/Air  0%         N/A       100%        3
 Leda's Liquefaction      Hex/Erth       0%         N/A       100%        4
 Manifold Assault         Tloc           8%         N/A       100%        4
 Lee's Rapid Deconstruct  Erth           0%         3d4*      100%        5
 Storm Form               Tmut/Air       0%         N/A       100%        7
 Summon Small Mammal      Summ           Unusable   N/A       N/A         1
 Call Imp                 Summ           Unusable   N/A       N/A         2
 Statue Form              Tmut/Erth      Unusable   N/A       N/A         6

Dungeon Overview and Level Annotations

Branches:
Dungeon (9/15)             Temple (1/1) D:4            Lair (3/5) D:9
 Shoals (0/4) Lair:2        Snake (0/4) Lair:3          Orc (0/2) D:9
  Sewer (visited)

Altars:
Ashenzari
Cheibriados
Dithmenos
Elyvilon
Fedhas
Gozag
Hepliaklqana
Kikubaaqudgha
Makhleb
Nemelex Xobeh
Okawaru
Qazlal
Ru
Sif Muna
Trog
Uskayaw
Vehumet
Wu Jian
Xom
Yredelemnul
Zin
The Shining One

Shops:
D:1 *   D:4 ?=[(=   D:6 ?

Annotations:
Lair:3 1 runed translucent door


Innate Abilities, Weirdness & Mutations

You are immune to sickness and miasma.
Your stone body is resilient. (AC +8)
You are immune to poison.
You resist negative energy. (rN+)
You are resistant to electric shocks. (rElec)
You are resistant to unholy torment.
You are immune to petrification.


Message History

You slash the death yak! You burn the death yak.
The death yak gores you but does no damage. x2
The death yak gores you! x2
You hit the death yak. You burn the death yak.
The death yak is heavily wounded.
You hit the death yak but do no damage. The death yak gores you.
You block the death yak's attack.
You slash the death yak! You burn the death yak.
The death yak is heavily wounded.
You hit the death yak. You burn the death yak. The death yak gores you!
You block the death yak's attack.
You are too injured to fight recklessly!
You are too injured to fight recklessly!
You are too injured to fight recklessly!
You are too injured to fight recklessly!
You are too injured to fight recklessly!
You are too injured to fight recklessly!
You are too injured to fight recklessly!
You are too injured to fight recklessly!
Unknown command.
You hit the death yak but do no damage.
The death yak is heavily wounded.
You barely miss the death yak. You block the death yak's attack.
The death yak completely misses you.
You slash the death yak! You burn the death yak.
The death yak is almost dead.
You slash the death yak! You burn the death yak.
The death yak closely misses you.
The death yak gores you but does no damage.
You hit the death yak but do no damage.
The death yak is almost dead.
You hit the death yak. You burn the death yak. The death yak gores you!
* * * LOW HITPOINT WARNING * * *
The death yak gores you but does no damage.
You barely miss the death yak.
The death yak is almost dead.
You barely miss the death yak. The death yak gores you!!
* * * LOW HITPOINT WARNING * * *
The death yak gores you!
You die...

#................##.....#..
#..##.#..........##........
#.^#####.........#....P##.. ##..#
#..........#.....#.. #...#
############.##.....
###...#########...: #######.#
##.#.......##.?#Y. ### ### #.#
###..........##$/Y####.###.####..
.............# #@..#........#.##.
.............#.Y#.#.........#....
.............#.D##..~####........
.............#..#...## #...#.#.#
###..........#!##...# #~.......#
# ###........## #...........#[#.#
###......# #...........+.#..
#....... #####+#+#.###...# ..
....#


You could see 2 death yaks, a seven-headed hydra and a dream sheep.

Vanquished Creatures
  Gastronok (D:9)
  A hydra (Lair:3)
  Erica (D:9)
  A manticore (Lair:2)
  2 black mambas
  5 cane toads
  Maggie (D:7)
  3 komodo dragons
  2 rime drakes
  3 hornets
  A polar bear (Lair:2)
  A troll (D:9)
  A wind drake (Lair:2)
  5 blink frogs (Lair:2)
  Sigmund (D:2)
  A shadow (D:9)
  2 wyverns
  A spriggan (Lair:2)
  4 basilisks
  4 yaks
  2 steam dragons
  3 nagas (Lair:3)
  An acid dragon (D:9)
  6 water moccasins
  4 orc warriors
  A sky beast (D:6)
  2 ice beasts
  A black bear (Lair:2)
  3 wolves (Lair:2)
  4 ogres
  6 centaurs
  5 kobold brigands
  3 necrophages
  2 gnoll sergeants (D:8)
  3 bullfrogs
  5 scorpions
  4 wights (D:7)
  3 howler monkeys
  An electric eel (Lair:1)
  4 hounds
  4 gnoll boudas
  3 orc priests
  4 jellies
  6 iguanas
  10 orc wizards
  9 adders
  17 gnolls
  2 river rats (Sewer)
  A shadow imp (D:5)
  A white imp (D:5)
  2 ufetubi
  3 worms
  2 dart slugs
  48 orcs
  3 bats (D:1)
  15 endoplasms
  2 giant cockroaches
  6 goblins
  7 hobgoblins
  4 quokkas
  7 ball pythons
  2 frilled lizards (D:3)
  19 kobolds
  6 rats
287 creatures vanquished.

Vanquished Creatures (others)
  7 fungi
  6 plants
13 creatures vanquished.

Grand Total: 300 creatures vanquished

Notes
Turn   | Place    | Note
-------+----------+-------------------------------------------
     0 | D:1      | bande the Gargoyle Fighter began the quest for the Orb.
     0 | D:1      | Reached XP level 1. HP: 14/14 MP: 1/1
    67 | D:1      | Reached XP level 2. HP: 18/19 MP: 2/2
   230 | D:1      | Reached skill level 2 in Axes
   488 | D:1      | Found Jugacs's Assorted Antiques.
   498 | D:1      | Reached XP level 3. HP: 23/23 MP: 3/3
   811 | D:2      | Found the +5 robe of Misfortune {Harm *Corrode *Slow EV+5}
   872 | D:2      | You fall into a shaft and drop 1 floor!
   944 | D:3      | Found a glowing drain.
   955 | Sewer    | Entered a sewer
   994 | Sewer    | Reached XP level 4. HP: 29/29 MP: 4/4
  1003 | Sewer    | Reached skill level 3 in Axes
  1619 | Sewer    | Noticed a kobold brigand
  1648 | Sewer    | Killed a kobold brigand
  1649 | Sewer    | Reached XP level 5. HP: 20/33 MP: 5/5
  1763 | Sewer    | Noticed a kobold brigand
  1771 | Sewer    | Killed a kobold brigand
  1772 | Sewer    | Reached skill level 4 in Axes
  1772 | Sewer    | Reached XP level 6. HP: 38/38 MP: 6/6
  2025 | D:3      | Found a glowing silver altar of Zin.
  2026 | D:3      | Noticed an angel
  2165 | D:2      | Noticed Sigmund
  2186 | D:2      | Killed Sigmund
  2266 | D:2      | Reached XP level 7. HP: 39/44 MP: 7/7
  3196 | D:4      | Found a staircase to the Ecumenical Temple.
  3203 | Temple   | Entered the Ecumenical Temple
  3208 | Temple   | Became a worshipper of Warmaster Okawaru
  3245 | D:4      | Found Lihatwo's Magic Scroll Shoppe.
  3333 | D:4      | Identified a scroll of acquirement
  3333 | D:4      | Acquired the +2 pair of boots of Cowardice {rF+ Slay+3
                  | Stlth-}
  3382 | D:4      | Found Ruhox's Jewellery Emporium.
  3385 | D:4      | Found Saagguuna's Armour Emporium.
  3385 | D:4      | Found Joid's Jewellery Emporium.
  3391 | D:4      | Found Reome's Antique Weapon Emporium.
  3450 | D:4      | Reached skill level 5 in Axes
  3594 | D:4      | Noticed a steam dragon
  3603 | D:4      | Killed a steam dragon
  3604 | D:4      | Reached skill level 5 in Armour
  3604 | D:4      | Reached skill level 1 in Invocations
  3779 | D:4      | Reached * piety under Okawaru
  4725 | D:5      | Entered Level 5 of the Dungeon
  4829 | D:5      | Reached skill level 5 in Fighting
  4829 | D:5      | Reached XP level 8. HP: 49/49 MP: 9/9
  4883 | D:5      | Reached skill level 6 in Axes
  5574 | D:6      | Reached ** piety under Okawaru
  5867 | D:6      | Reached skill level 1 in Evocations
  5903 | D:6      | Found Cipoch's Magic Scroll Boutique.
  5995 | D:6      | Reached skill level 7 in Axes
  6188 | D:6      | Reached XP level 9. HP: 39/55 MP: 11/11
  6329 | D:6      | Reached skill level 5 in Shields
  6504 | D:6      | Reached *** piety under Okawaru
  7004 | D:7      | Reached skill level 8 in Axes
  7074 | D:7      | Noticed Maggie
  7087 | D:7      | Killed Maggie
  7091 | D:7      | Reached XP level 10. HP: 42/61 MP: 13/13
  7112 | D:7      | Reached skill level 5 in Invocations
  7467 | D:7      | Reached **** piety under Okawaru
  8054 | D:8      | Learned a level 1 spell: Apportation
  8412 | D:8      | Reached skill level 1 in Translocations
  8454 | D:8      | Reached skill level 9 in Axes
  8592 | D:8      | Found a sacrificial altar of Ru.
  8872 | D:9      | Reached ***** piety under Okawaru
  8877 | D:9      | Noticed Gastronok
  8895 | D:9      | Killed Gastronok
  8895 | D:9      | Received a gift from Okawaru
  9292 | D:9      | Found a radiant altar of Vehumet.
  9308 | D:9      | Reached XP level 11. HP: 61/67 MP: 15/15
  9488 | D:9      | Found a sparkling altar of Nemelex Xobeh.
  9694 | D:9      | Found a staircase to the Orcish Mines.
  9852 | D:9      | Found a staircase to the Lair.
 10199 | D:9      | Found a shadowy altar of Dithmenos.
 10211 | D:9      | Received a gift from Okawaru
 10212 | D:9      | Reached skill level 10 in Axes
 10396 | D:9      | Found a broken altar of Ashenzari.
 10396 | D:9      | Found a white marble altar of Elyvilon.
 10499 | D:9      | Noticed Erica
 10522 | D:9      | Killed Erica
 10523 | D:9      | Reached skill level 5 in Evocations
 10925 | Lair:1   | Entered Level 1 of the Lair of Beasts
 12445 | Lair:2   | Reached XP level 12. HP: 39/73 MP: 17/17
 12756 | Lair:2   | Found a staircase to the Shoals.
 13403 | Lair:3   | Noticed a six-headed hydra
 13410 | Lair:3   | Killed a one-headed hydra
 13764 | Lair:3   | Found a staircase to the Snake Pit.
 13947 | Lair:3   | Found a runed translucent door.
 14170 | Lair:3   | Received a gift from Okawaru
 14171 | Lair:3   | Reached skill level 11 in Axes
 14287 | Lair:3   | Noticed a death yak
 14287 | Lair:3   | Noticed a death yak
 14287 | Lair:3   | Noticed a seven-headed hydra
 14296 | Lair:3   | HP: 3/75 [death yak (19)]
 14296 | Lair:3   | Mangled by a death yak

Illustrated notes

Levels and vault maps discovered:
D:1:      wander_arrival_lonely_grave, layout_loops_ring, serial_shops, shop
D:2:      layout_rooms, uniq_sigmund
D:3:      layout_basic, zin_angel, portal_sewer_entry_d, minmay_misc_feat_room,
          minmay_crystal_room
D:4:      minmay_recursive_quarters, layout_layer_cave,
          minmay_temple_entry_offerings, serial_shops, nicolae_diamond_shop,
          minmay_shop_grid_forest
D:5:      layout_basic
D:6:      minmay_polygon_palace, layout_basic, serial_shops, shop,
          hangedman_abyss_or_decor_passed, chequers_serial_rivers_micro_c
D:7:      layout_basic, uniq_maggie
D:8:      layout_gridville, lemuel_round_altar
D:9:      layout_basic, mainiacjoe_overflow_alcove_2,
          gammafunk_temple_overflow_pools, mainiacjoe_overflow_catwalk_spiral,
          david_lair_generic, hiddenorc1_lemuel, uniq_erica, uniq_gastronok
Temple:   minmay_freezing_vapour_temple
Lair:1:   layout_cave_pods, serial_bayou_shore_a, serial_bayou_shore_b,
          infiniplex_staircase_pool_2
Lair:2:   layout_roguey, minmay_shoals_entry_beasts, st_stairs_9,
          grunt_forest_stairs_clearing
Lair:3:   lemuel_slime, layout_gridlike, guppyfry_snake_entry_island,
          ebering_ghost_reflecting_pool, hangedman_lair_generics_rect

Skill      XL: |  1  2  3  4  5  6  7  8  9 10 11 12 |
---------------+-------------------------------------+-----
Axes           | 2 3 4 5 7 8 9 10 11 | 11.0
Fighting       | 4 5 6 7 8 |  8.4
Armour         | 4 5 6 7 8 |  8.6
Shields        | 4 5 6 7 |  7.1
Invocations    | 2 3 4 6 7 |  7.7
Evocations     | 1 3 4 5 6 |  6.1
Translocations | 2 4 |  4.6

Action                   |  1- 3 |  4- 6 |  7- 9 | 10-12 || total
-------------------------+-------+-------+-------+-------++-------
Melee: War axe           |   124 |   132 |   269 |   403 ||   928
  Use: Scroll            |       |       |    15 |    11 ||    26
       Potion            |       |       |       |     2 ||     2
Armor: Scale mail        |    85 |    51 |   169 |    63 ||   368
       Chain mail        |       |       |       |   269 ||   269
Dodge: Dodged            |    69 |    45 |   112 |   168 ||   394
Block: Buckler           |    24 |    24 |    61 |    83 ||   192
       Kite shield       |       |       |       |   138 ||   138

Table legend: (Time is in decaauts)
 A = Elapsed time spent in this place.
 B = Non-inter-level travel time spent in this place.
 C = Inter-level travel time spent in this place.
 D = Time resting spent in this place.
 E = Time spent auto-exploring this place.
 F = Levels seen in this place.
 G = Mean time per level.
                   A        B        C        D        E       F      G
               +--------+--------+--------+--------+--------+-----+--------+
         Total |  14669 |  14404 |    265 |   3071 |   8789 |  14 | 1047.8 |
       Dungeon |  10096 |   9884 |    212 |   1699 |   6453 |   9 | 1121.8 |
        Temple |     13 |     13 |      0 |      0 |      0 |   1 |   13.0 |
          Lair |   3421 |   3368 |     53 |    888 |   2080 |   3 | 1140.3 |
         Sewer |   1138 |   1138 |      0 |    484 |    256 |   1 | 1138.0 |
               +--------+--------+--------+--------+--------+-----+--------+

Top non-repeatable levels by time:
     D:9: 2104 daAuts
     D:4: 1529 daAuts
  Lair:2: 1523 daAuts
     D:6: 1417 daAuts
   Sewer: 1138 daAuts
     D:8: 1033 daAuts
     D:7: 1023 daAuts
  Lair:1: 996 daAuts
     D:3: 943 daAuts
  Lair:3: 901 daAuts
     D:1: 833 daAuts
     D:5: 711 daAuts
     D:2: 499 daAuts
  Temple: 13 daAuts
